AoeStats
← LM | TornardoBriese

MegaRandom

505521148Analyzed
4v4 RM · 22d ago on Sep 9, 2026· 34m 5s· 8 players
Game mode
Random Map
Map size
Large (8 player)
Population
200
Speed
Normal
Resources
Standard
Victory
Conquest
Starting age
Dark Age
Ending age
Imperial Age
RankedLock teamsTeams togetherTeam positionsShared explorationLock speedFull tech treeHidden civsTurbo modeCheats
Victory
Defeat
🇦🇹 Bohemians · Austria
1948
+4
🇩🇪 Hindustanis · Germany
1767
+9
🇩🇪 Berbers · Germany
1700
+12
🇨🇭 Burmese · Switzerland
1469
+20
🇩🇪 Huns · Germany
1699
-16
🇹🇷 Jurchens · Türkiye
1610
-11
🇩🇪 Lithuanians · Germany
1580
-10
🇦🇷 Magyars · Argentina
1531
-8
Jugband
7:47 Loom
12:00 Feudal Age
12:53 Double-Bit Axe
16:00 Castle Age
15:45 Horse Collar
16:55 Bow Saw
17:20 Fletching
21:42 Wheelbarrow
26:52 Town Watch
26:55 Elite Skirmisher
27:37 Bodkin Arrow
27:42 Padded Archer Armor
28:25 Hand Cart
33:49 Forging
33:44 Scale Barding Armor
Blade_PEC
9:25 Feudal Age
11:05 Double-Bit Axe
12:12 Horse Collar
14:21 Loom
16:46 Wheelbarrow
20:51 Castle Age
19:01 Stone Mining
19:59 Gold Mining
23:23 Bow Saw
23:14 Heavy Plow
23:32 Hand Cart
24:35 Scale Barding Armor
25:03 Forging
27:29 Fletching
28:54 Husbandry
29:03 Bodkin Arrow
30:16 Padded Archer Armor
30:59 Chain Barding Armor
31:19 Bloodlines
33:15 Iron Casting
FutureEwe5582
8:46 Loom
11:00 Feudal Age
14:41 Castle Age
13:17 Double-Bit Axe
13:13 Horse Collar
15:42 Bow Saw
23:42 Husbandry
26:52 Wheelbarrow
29:05 Corvinian Army
35:59 Imperial Age
33:46 Hand Cart
Willox
9:52 Feudal Age
9:48 Loom
10:35 Horse Collar
10:43 Double-Bit Axe
20:21 Castle Age
18:46 Gold Mining
19:13 Bloodlines
20:03 Scale Barding Armor
20:33 Forging
21:27 Bow Saw
21:44 Husbandry
21:20 Light Cavalry
23:18 Iron Casting
22:50 Devotion
25:40 Wheelbarrow
26:48 Chain Barding Armor
LM | TornardoBriese
1:53 Loom
8:22 Loom
11:53 Feudal Age
16:30 Castle Age
15:42 Stone Mining
17:02 Padded Archer Armor
21:15 Wheelbarrow
34:11 Caravan
Oni.FreakinAndy
11:05 Feudal Age
14:52 Castle Age
13:05 Double-Bit Axe
14:03 Horse Collar
16:01 Bow Saw
16:16 Loom
17:30 Fervor
17:32 Town Watch
18:38 Sanctity
23:22 Redemption
23:53 Heavy Plow
25:34 Wheelbarrow
31:58 Imperial Age
30:57 Hand Cart
31:09 Fletching
32:11 Wagenburg Tactics
32:58 Block Printing
33:09 Illumination
33:22 Theocracy
33:10 Bodkin Arrow
33:32 Hussite Reforms
34:16 Bodkin Arrow
LM | MaggieWuerze
10:41 Feudal Age
8:58 Loom
14:51 Castle Age
14:49 Double-Bit Axe
15:17 Horse Collar
20:39 Bow Saw
20:50 Scale Mail Armor
23:20 Heavy Plow
24:17 Gold Mining
24:58 Squires
24:44 Arson
26:58 Chain Mail Armor
27:21 Wheelbarrow
27:20 Forging
29:40 Iron Casting
30:23 Hand Cart
30:56 Grand Trunk Road
31:33 Gold Shaft Mining
34:02 Stone Mining
LM \ Molle
12:17 Feudal Age
15:51 Castle Age
14:05 Double-Bit Axe
14:13 Horse Collar
16:41 Bow Saw
16:40 Heavy Plow
16:33 Gold Mining
19:06 Fletching
20:35 Bodkin Arrow
22:27 Padded Archer Armor
24:20 Loom
25:11 Wheelbarrow
24:21 Town Watch
26:05 Town Watch
27:16 Hand Cart
33:23 Imperial Age
31:31 Ballistics
31:19 Husbandry
32:36 Bloodlines
33:11 Kasbah
34:05 Gold Shaft Mining
34:18 Bracer
Connection lost

Rejoining the realm…

Still unreachable

The connection could not be restored.

Session expired

The server has moved on; the page needs a fresh start.